 Dungeon Crawl Stone Soup version 0.22-a0-389-g8519d86 (webtiles) character file.

4186 Leszczynek the Basher (level 10, -1/66 HPs)
             Began as a Halfling Artificer on Apr 30, 2018.
             Was a Priest of the Shining One.
             Splashed by Maurice's acid (13 damage)
             ... on level 9 of the Dungeon.
             The game lasted 00:31:29 (5686 turns).

Leszczynek the Basher (Halfling Artificer)          Turns: 5686, Time: 00:31:30

Health: -1/66      AC:  7    Str: 16    XL:     10   Next: 53%
Magic:  12/12      EV: 14    Int:  9    God:    the Shining One [***...]
Gold:   322        SH:  0    Dex: 18    Spells: 9/9 levels left

rFire    . . .     SeeInvis .   l - -1 flail (curse)
rCold    . . .     Gourm    .   (shield restricted)
rNeg     + . .     Faith    .   j - +4 ring mail
rPois    .         Spirit   .   r - +0 helmet (curse)
rElec    .         Reflect  .   y - +0 cloak
rCorr    .         Harm     .   (no gloves)
MR       .....                  (no boots)
Stlth    +.........             v - amulet of rage
HPRegen  0.21/turn              I - -3 ring of evasion (curse)
MPRegen  0.13/turn              A - +2 ring of dexterity

@: lethally poisoned (-1 -> -4), corroded, glowing
A: small, mutation resistance 1
a: Divine Shield, Renounce Religion, Evoke Berserk Rage


You were on level 9 of the Dungeon.
You worshipped the Shining One.
The Shining One was most pleased with you.
You were not hungry.

You visited 1 branch of the dungeon, and saw 10 of its levels.
You also visited: Bailey.

You collected 502 gold pieces.
You spent 180 gold pieces at shops.

Inventory:

Hand Weapons
 a - a +0 short sword
 b - a +0 whip
 g - a +0 flail
 h - a +1 whip of venom
 l - a cursed -1 flail (weapon)
 p - a +0 hunting sling
 w - a +0 morningstar
Missiles
 n - 2 tomahawks of returning (quivered)
 q - 22 sling bullets
Armour
 j - a +4 ring mail (worn)
 r - a cursed +0 helmet (worn)
 y - a +0 cloak (worn)
 z - a +1 helmet
Jewellery
 m - an uncursed ring of magical power
 v - an amulet of rage (around neck)
 A - a +2 ring of dexterity (right hand)
 I - a cursed -3 ring of evasion (left hand)
Wands
 f - a wand of enslavement (23)
 D - a wand of disintegration (8)
 G - a wand of acid (7)
 J - a wand of digging (16)
Scrolls
 i - 3 scrolls of teleportation
 s - a scroll of magic mapping
 t - 2 scrolls of fog
 x - a scroll of identify {@r1}
 H - a scroll of blinking
Potions
 c - 2 potions of lignification {!q}
 e - a potion of flight
 k - 2 potions of curing {@q1}
 o - 2 potions of agility
 u - a potion of mutation {!q}
 B - 2 potions of heal wounds {@q2}
 C - a potion of ambrosia {unknown}
 E - a potion of brilliance {unknown}
Comestibles
 d - 15 rations
 F - 4 chunks of flesh


   Skills:
 + Level 5.1 Fighting
 - Level 1.2 Short Blades
 * Level 10.8 Maces & Flails
 + Level 6.5 Dodging
 - Level 1.1 Stealth
 - Level 3.0 Invocations
 - Level 3.0 Evocations


You had 9 spell levels left.
You didn't know any spells.

Dungeon Overview and Level Annotations

Branches:
Dungeon (10/15)            Temple (0/1) D:4
   Lair: D:8-11         Orc: D:9-12

Altars:
Elyvilon
Gozag
Hepliaklqana
Vehumet
Wu Jian
Xom
Zin
The Shining One
Jiyva

Shops:
D:4 :   D:7 [   D:8 :   D:9 (

Annotations:
D:3 Sigmund
D:5 exclusion: statue
D:9 Maurice


Innate Abilities, Weirdness & Mutations

You are small and have problems with some larger weapons.
You are somewhat resistant to further mutation.


Message History

Aim: Maurice, wielding a dagger of venom, wearing a cloak and carrying a wand of acid (9) (moderately wounded, covering ground quickly, haloed, chance to defeat MR: 77%) Maurice is blasted.
Evoke which item? (* to show all) (? for menu, Esc to quit)
Aiming: Corrosive Bolt
Press: ? - help, Shift-Dir - straight line, f/p - Maurice
Aim: Maurice, wielding a dagger of venom, wearing a cloak and carrying a wand of acid (9) (heavily wounded, covering ground quickly, haloed)
The bolt of acid hits Maurice.
Maurice is splashed with acid.
The acid corrodes Maurice!
Maurice is almost dead.
Maurice hits you but does no damage.
You are poisoned.
Evoke which item? (* to show all) (? for menu, Esc to quit)
Aiming: Corrosive Bolt
Press: ? - help, Shift-Dir - straight line, f/p - Maurice
Aim: Maurice, wielding a dagger of venom, wearing a cloak and carrying a wand of acid (9) (almost dead, covering ground quickly, covered in acid, haloed)
The bolt of acid misses Maurice.
You feel sick.
Maurice zaps a wand.
The bolt of acid hits you!
* * * LOW HITPOINT WARNING * * *
The acid corrodes you!
You are splashed with acid!
The acid burns!
You die...

**,,* *,,,,,,,#.......
*,,,* **,..,,,#.......
*,,,** *..#####.......
*,,.,* #..#...........
*,,..#** #..#...........
*,,,,..#####.#*...........
*,,,,,,......#,........)..
*,#######....#,...........
*,#.....@@...########.....
*,#.....'...........#.....
*,#.....#...†.......#.....
*,#.....#...........#.....
*,#....,#...........#'####
*,#....,#.................
*,####**#.........[†.÷....
*,,,,,,...................
*,,,,,....................


You could see Maurice.

Vanquished Creatures
  The ghost of Tovarisch the Thaumaturge, a novice OpWz of Vehumet (D:8)
  The ghost of Slobodan the Slasher, a novice BaWr (D:5)
  2 hippogriffs
  5 orc warriors
  2 ice beasts
  2 sky beasts
  3 ogres
  A phantom (D:6)
  A crocodile (D:8)
  4 centaurs
  A big kobold (D:7)
  A bullfrog (D:7)
  A water moccasin zombie (D:9)
  A scorpion (D:9)
  4 crimson imps
  A quasit (D:9)
  6 hounds
  4 jellies
  4 orc priests
  5 orc wizards
  A bullfrog skeleton (D:5)
  3 iguanas (D:4)
  4 worker ants
  A hound zombie (D:5)
  Robin (D:3)
  10 adders
  3 shadow imps
  5 oozes (D:8)
  An adder skeleton (D:5)
  An adder zombie (D:7)
  4 dart slugs
  2 leopard geckos
  31 orcs
  2 giant cockroaches
  6 goblins
  7 hobgoblins
  10 jackals
  5 quokkas
  5 bats
  5 frilled lizards
  A giant cockroach zombie (D:5)
  17 kobolds
  A leopard gecko skeleton (D:7)
  A leopard gecko zombie (D:7)
  A quokka skeleton (D:9)
  A quokka zombie (D:6)
  4 rats
183 creatures vanquished.

Vanquished Creatures (collateral kills)
  A worm (D:2)
  2 goblins (D:3)
  2 hobgoblins
  A bat (D:3)
  A kobold (D:2)
7 creatures vanquished.

Vanquished Creatures (others)
  An ogre (D:5)
  2 adders
3 creatures vanquished.

Grand Total: 193 creatures vanquished

Notes
Turn   | Place    | Note
-------+----------+-------------------------------------------
     0 | D:1      | Leszczynek the Halfling Artificer began the quest for the Orb.
     0 | D:1      | Reached XP level 1. HP: 12/12 MP: 3/3
    99 | D:1      | Reached skill level 1 in Maces & Flails
   144 | D:1      | Reached XP level 2. HP: 14/18 MP: 4/4
   234 | D:2      | Reached skill level 2 in Maces & Flails
   284 | D:2      | Reached XP level 3. HP: 22/22 MP: 5/5
   298 | D:2      | Found a hazy altar of Hepliaklqana.
   493 | D:3      | Reached skill level 3 in Maces & Flails
   493 | D:3      | Reached XP level 4. HP: 14/27 MP: 6/6
   504 | D:3      | Found a glowing golden altar of the Shining One.
   512 | D:3      | Became a worshipper of the Shining One
   673 | D:3      | Noticed Sigmund
   974 | D:2      | Reached XP level 5. HP: 25/32 MP: 7/7
  1030 | D:2      | Reached skill level 4 in Maces & Flails
  1224 | D:3      | Noticed Robin
  1254 | D:3      | Killed Robin
  1424 | D:3      | Found a glowing silver altar of Zin.
  1490 | D:4      | Found Saptoc's Book Shop.
  1716 | D:4      | Reached XP level 6. HP: 37/37 MP: 8/8
  1728 | D:4      | Reached skill level 5 in Maces & Flails
  1930 | D:4      | Found a white marble altar of Elyvilon.
  2016 | D:4      | Found an opulent altar of Gozag.
  2060 | D:4      | Found a staircase to the Ecumenical Temple.
  2215 | D:5      | Entered Level 5 of the Dungeon
  2218 | D:5      | Found a radiant altar of Vehumet.
  2239 | D:5      | Reached * piety under the Shining One
  2240 | D:5      | Noticed a sky beast
  2262 | D:5      | Killed a sky beast
  2262 | D:5      | Reached skill level 6 in Maces & Flails
  2262 | D:5      | Reached XP level 7. HP: 32/42 MP: 9/9
  2385 | D:5      | Noticed Slobodan's ghost (novice BaWr)
  2386 | D:5      | no milosevic, NO
  2414 | D:5      | Killed Slobodan's ghost
  2414 | D:5      | Reached skill level 7 in Maces & Flails
  2414 | D:5      | Reached XP level 8. HP: 47/47 MP: 10/10
  2554 | D:5      | Reached skill level 8 in Maces & Flails
  2910 | D:5      | The Shining One protects you from harm!
  3374 | D:6      | Found a shimmering altar of Xom.
  3374 | D:6      | Found a shimmering altar of Xom.
  3376 | D:6      | Found a shimmering altar of Xom.
  3376 | D:6      | Found a shimmering altar of Xom.
  3378 | D:6      | Found a shimmering altar of Xom.
  3469 | D:7      | Reached skill level 1 in Fighting
  3655 | D:6      | Reached ** piety under the Shining One
  3682 | D:6      | Reached skill level 3 in Dodging
  3881 | D:7      | Reached skill level 2 in Fighting
  3881 | D:7      | Reached skill level 1 in Invocations
  3881 | D:7      | Reached XP level 9. HP: 52/54 MP: 11/11
  3942 | D:7      | Reached skill level 2 in Invocations
  4067 | D:7      | Reached skill level 3 in Invocations
  4076 | D:7      | Found Douba's Antique Armour Shoppe.
  4084 | D:7      | Bought a shiny helmet for 180 gold pieces
  4144 | D:8      | Noticed Tovarisch's ghost (novice OpWz)
  4150 | D:8      | Noticed a hippogriff
  4160 | D:8      | Reached skill level 9 in Maces & Flails
  4160 | D:8      | Reached skill level 4 in Dodging
  4170 | D:8      | Killed a hippogriff
  4170 | D:8      | Reached skill level 3 in Fighting
  4183 | D:8      | Killed Tovarisch's ghost
  4240 | D:8      | Found Denwag's Book Shop.
  4392 | D:8      | >16 ev
  4392 | D:8      | >more like 6.1 amirite
  4462 | D:7      | Reached skill level 5 in Dodging
  4698 | D:8      | Found a viscous altar of Jiyva.
  4755 | D:8      | Reached skill level 4 in Fighting
  4767 | D:8      | Reached skill level 10 in Maces & Flails
  4767 | D:8      | Reached XP level 10. HP: 53/63 MP: 12/12
  5095 | D:9      | Found Waseguas's Antique Weapon Shop.
  5167 | D:9      | Found a flagged portal.
  5223 | D:9      | Reached skill level 6 in Dodging
  5255 | D:9      | Reached *** piety under the Shining One
  5294 | D:9      | Found an ornate altar of the Wu Jian Council.
  5311 | D:10     | Entered Level 10 of the Dungeon
  5311 | D:10     | Noticed a komodo dragon
  5358 | Bailey   | Entered a bailey
  5462 | Bailey   | Found a burning altar of Makhleb.
  5486 | Bailey   | cursed -1 flail, cursed -3 EV ring, d:9, no remove curse any fucking where
  5486 | Bailey   | nice fucking game
  5615 | D:9      | Reached skill level 5 in Fighting
  5622 | D:9      | enchant fucking weapon baby
  5681 | D:9      | Noticed Maurice
  5686 | D:9      | HP: 12/66 [Maurice/wand of acid (9) (18)]
  5686 | D:9      | Splashed by Maurice's acid

Vault maps used:
D:1:      co_arrival_square_in_a_square_in_a_square, columned_hall_lemuel,
          minmay_door_square
D:2:      old_standard_altar, first_ration
D:3:      kennysheep_slug_shrine, zin_academy, lemuel_coloured_pillars_altar,
          uniq_robin, uniq_sigmund, uniq_ijyb
D:4:      elyvilon_altar_3, nicolae_overflow_crystal_walls,
          minmay_temple_entry_enclosed_plants, serial_shops,
          nicolae_shop_statue_plus
D:5:      vehumet_statue
D:6:      xom_redecorated, serial_shops, shop, kennysheep_generic_room_13
D:7:      lemuel_round_altar, serial_shops, shop
D:8:      serial_shops, nicolae_shop_waterfront, hangedman_little_slice_of_home
D:9:      overflow_temple_1_default, serial_shops, nicolae_shop_waterfront,
          enter_bailey_2, uniq_maurice
D:10:     minivault_14
Bailey:   bailey_axe_3, bailey

Skill      XL: |  1  2  3  4  5  6  7  8  9 10 |
---------------+-------------------------------+-----
Maces & Flails | 1 2 3 4 6 7 8 10 | 10.8
Fighting       | 2 4 5 |  5.1
Dodging        | 3 5 6 |  6.5
Invocations    | 1 3 |  3.0
Short Blades   | |  1.2
Stealth        | |  1.1
Evocations     | |  3.0

Action                   |  1- 3 |  4- 6 |  7- 9 | 10-12 || total
-------------------------+-------+-------+-------+-------++-------
Melee: Short sword       |    31 |       |       |       ||    31
       Flail             |    36 |   233 |   320 |   161 ||   750
Throw: Tomahawk          |       |     5 |     9 |    21 ||    35
Invok: Divine Shield     |       |       |     1 |       ||     1
 Abil: Evoke Berserk Rag |       |       |     1 |       ||     1
Evoke: Wand              |     7 |     8 |     6 |    12 ||    33
  Use: Scroll            |     2 |     6 |     4 |     5 ||    17
       Potion            |       |     1 |     1 |       ||     2
  Eat: Chunk             |       |     5 |     8 |     1 ||    14
       Ration            |       |       |     1 |       ||     1
Armor: Ring mail         |    28 |    93 |   100 |    55 ||   276
       Skin              |       |     3 |    15 |       ||    18
Dodge: Dodged            |    53 |   188 |   179 |   160 ||   580
Block: Other             |       |       |     6 |       ||     6

Table legend:
 A = Spawn XP
 B = Non-spawn XP
 C = Spawn XP percentage of total XP
 D = Spawn monster count
 E = Non-spawn monster count
 F = Spawn count percentage of total count
 G = Total turns spent on level
                    A         B        C        D         E        F      G
               +---------+---------+-------+---------+---------+-------+---------
         Total |       0 |    5981 |   0.0 |       0 |     192 |   0.0 |  5686
               +---------+---------+-------+---------+---------+-------+---------
           D:1 |       0 |      12 |   0.0 |       0 |       7 |   0.0 |   205
           D:2 |       0 |      82 |   0.0 |       0 |      20 |   0.0 |   409
           D:3 |       0 |     134 |   0.0 |       0 |      28 |   0.0 |   863
           D:4 |       0 |     270 |   0.0 |       0 |      21 |   0.0 |   738
           D:5 |       0 |     997 |   0.0 |       0 |      24 |   0.0 |   950
           D:6 |       0 |     286 |   0.0 |       0 |       6 |   0.0 |   489
           D:7 |       0 |     768 |   0.0 |       0 |      22 |   0.0 |   570
           D:8 |       0 |    1604 |   0.0 |       0 |      22 |   0.0 |   647
           D:9 |       0 |    1416 |   0.0 |       0 |      29 |   0.0 |   622
        Bailey |       0 |     412 |   0.0 |       0 |      13 |   0.0 |   191
               +---------+---------+-------+---------+---------+-------+---------
